AoeStats
← 牛油果

Pilgrims

508646925Analyzed
4v4 RM · 8d ago on Sep 23, 2026· 36m 16s· 8 players
Game mode
Random Map
Map size
Large (8 player)
Population
200
Speed
Normal
Resources
Standard
Victory
Conquest
Starting age
Dark Age
Ending age
Imperial Age
RankedLock teamsTeams togetherTeam positionsShared explorationLock speedFull tech treeHidden civsTurbo modeCheats
Victory
Defeat
🇧🇪 Berbers · Belgium
1635
+14
🇨🇳 Khmer · China
1634
+14
1625
+15
🇻🇳 Varangians · Vietnam
1580
+17
🇳🇱 Vietnamese · Netherlands
1618
-16
🇭🇰 Saxons · Hong Kong SAR China
1606
-15
1602
-15
🇺🇸 Danes · United States
1570
-14
The Daunting Knight
5:24 Loom
11:48 Feudal Age
12:24 Fishing Lines
18:28 Castle Age
19:59 Double-Bit Axe
22:26 Bow Saw
26:04 Fletching
27:56 Stone Mining
29:37 Gold Mining
30:40 Horse Collar
32:05 Wheelbarrow
31:46 Padded Archer Armor
32:48 Bodkin Arrow
33:55 Stone Shaft Mining
35:19 Ballistics
35:48 Thumb Ring
38:53 Imperial Age
36:44 Leather Archer Armor
QNA | Apachai Hopachai
7:08 Loom
10:05 Feudal Age
13:30 Fletching
14:31 Double-Bit Axe
19:17 Castle Age
20:03 Bodkin Arrow
Arie
4:55 Loom
10:37 Feudal Age
13:00 Double-Bit Axe
18:17 Castle Age
19:26 Bow Saw
19:06 Horse Collar
19:43 Scale Barding Armor
26:44 Bloodlines
28:01 Chain Barding Armor
32:11 Fletching
33:40 Heavy Plow
34:14 Forging
牛油果
8:12 Loom
10:24 Feudal Age
11:29 Double-Bit Axe
14:12 Castle Age
12:46 Fletching
14:53 Bodkin Arrow
14:25 Crossbowman
17:30 Bow Saw
25:00 Padded Archer Armor
29:30 Horse Collar
35:11 Scale Mail Armor
35:22 Forging
35:58 Squires
35:44 Arson
35:44 Gambesons
JINX
4:09 Loom
10:13 Feudal Age
15:08 Castle Age
14:08 Fletching
14:42 Double-Bit Axe
17:37 Bodkin Arrow
17:25 Fishing Lines
22:32 Town Watch
25:14 Padded Archer Armor
28:25 Leather Archer Armor
31:39 Ballistics
33:01 Gold Mining
36:15 Gillnets
洛莉
10:17 Feudal Age
13:31 Castle Age
14:22 Medium Warships
14:09 Double-Bit Axe
21:33 Wheelbarrow
21:04 Fishing Lines
22:35 Loom
22:36 Town Watch
23:35 Gillnets
24:48 Hand Cart
27:44 Bloodlines
28:23 Bow Saw
28:14 Horse Collar
28:34 Gold Mining
30:14 Husbandry
29:48 Light Cavalry
33:35 Imperial Age
31:51 Scale Barding Armor
31:56 Forging
32:56 Chain Barding Armor
33:58 Iron Casting
34:46 Town Patrol
36:15 Conscription
36:33 Plate Barding Armor
枕上鸳鸯睡红莲
11:29 Feudal Age
13:24 Double-Bit Axe
13:25 Loom
15:45 Castle Age
15:30 Fishing Lines
16:39 Gold Mining
17:11 Fletching
17:16 Gillnets
17:42 Bow Saw
20:20 Bodkin Arrow
22:23 Padded Archer Armor
24:14 Wheelbarrow
23:41 Padded Archer Armor
23:30 Horse Collar
24:24 Husbandry
24:34 Bloodlines
25:22 Heavy Plow
27:12 Hand Cart
28:55 Ballistics
29:05 Town Watch
31:09 Town Patrol
34:50 Imperial Age
32:27 Stone Mining
33:12 Gold Shaft Mining
33:12 Leather Archer Armor
33:22 Thumb Ring
36:54 Chemistry
36:52 Bracer
37:23 Ring Archer Armor
luanb10
10:44 Feudal Age
9:55 Loom
12:47 Fletching
17:18 Castle Age
18:37 Double-Bit Axe
18:40 Fishing Lines
19:57 Bow Saw
22:04 Gambesons
22:20 Squires
25:26 Arson
26:45 Medium Warships
28:05 Scale Mail Armor
29:17 Chain Mail Armor
30:47 Gillnets
32:31 Forging
Connection lost

Rejoining the realm…

Still unreachable

The connection could not be restored.

Session expired

The server has moved on; the page needs a fresh start.